 Dungeon Sprint DCSS version 0.30-a0-528-g8c47a4955b (webtiles) character file.

Game seed: 15076994243989134929

4 rocky1 the Slasher (level 1, -6/16 HPs)
             Began as a Merfolk Gladiator on Dec 23, 2022.
             Mangled by a human (8 damage)
             ... in the Dungeon (Sprint III: "The Ten Rune Challenge").
             The game lasted 00:00:18 (85 turns).

rocky1 the Slasher (Merfolk Gladiator)                Turns: 85, Time: 00:00:18

Health: -6/16      AC:  4    Str: 14    XL:     1   Next: 60%
Magic:  1/1        EV: 13    Int:  7    God:
Gold:   0          SH:  0    Dex: 15    Spells: 0/0 levels left

rFire   . . .      SeeInvis .    a - +0 long sword
rCold   . . .      Faith    .    (no shield)
rNeg    . . .      Spirit   .    b - +0 leather armour
rPois   .          Reflect  .    c - +0 helmet
rElec   .          Harm     .    (no cloak)
rCorr   .          Rampage  .    (no gloves)
Will    .....      NoTele   +    (no boots)
Stlth   +                        (no amulet)
HPRegen 0.22/turn                (no ring)
MPRegen 0.07/turn                (no ring)

@: no status effects
A: (nimble swimmer 2), mertail
a: no special abilities


You were in the Dungeon.
You visited 1 branch

Inventory:

Hand Weapons
 a - a +0 long sword (weapon)
Missiles
 d - 3 throwing nets (quivered)
Armour
 b - a +0 leather armour (worn)
 c - a +0 helmet (worn)
Scrolls
 k - a scroll of blinking
Potions
 f - a potion of curing
 g - a potion of heal wounds
 h - a potion of haste
 i - 2 potions of magic
 j - a potion of berserk rage


   Skills:
 + Level 2.3 Fighting
 + Level 4.6 Long Blades
 + Level 2.3 Throwing
 + Level 4.5 Dodging


You couldn't memorise any spells.
You didn't know any spells.
Your spell library was empty.

Dungeon Overview and Level Annotations

Branches:
Dungeon (1/1)

Altars:


Innate Abilities, Weirdness & Mutations

((You are very nimble when in or above water. (Stealth+, EV+, Speed+++)))
Your lower body shifts to a powerful aquatic tail in water.


Message History

You hit the rat.
You kill the rat!
No target in view!
No target in view!
You see here a rat corpse.
A human comes into view.
Throw: javelin
Press: ? - help, Q - select action, (/) - cycle Shift-Dir - straight line, f - human
Aim: a human (asleep, 98% to hit)
You throw a javelin. The javelin pierces through the human!
The human shouts!
The human is moderately wounded.
You barely miss the human.
The human is moderately wounded.
The human hits you.
You closely miss the human.
The human is lightly wounded.
The human hits you.
You closely miss the human.
The human is lightly wounded.
The human hits you but does no damage.
You barely miss the human.
The human is lightly wounded.
The human hits you.
You miss the human.
The human is lightly wounded.
The human barely misses you.
You closely miss the human.
The human is lightly wounded.
The human barely misses you. The human hits you.
* * * LOW HITPOINT WARNING * * *
You slash the human!
The human is heavily wounded.
The human hits you.
* * * LOW HITPOINT WARNING * * *
You barely miss the human. You punch the human.
The human is heavily wounded.
The human hits you!
Ouch! That really hurt!
You die...

▓...#......##
▓..##.......#
▓##.##.##...# .#
##.##.###..# .(#
▓#.####.##..# ...+
▓.###..##..##
#...# ▓#.....##..#
#p...#
###..##†..##.....#
##..##...@#......#
#..###..##p# #(.#
#..#### ▓▓▓▓ ▓▓▓▓


You could see a human.

Vanquished Creatures
  2 endoplasms (D)
  2 rats (D)
4 creatures vanquished.

Notes
Turn   | Place    | Note
-------+----------+-------------------------------------------
     0 | D        | rocky1 the Merfolk Gladiator began the quest for the Orb.
     0 | D        | Reached XP level 1. HP: 16/16 MP: 1/1
    85 | D        | Mangled by a human

Illustrated notes

Levels and vault maps discovered:
D:        dungeon_sprint_mu [sprint_mu_entry_cave, sprint_mu_temple_rooms,
          sprint_mu_d1_spiders, sprint_mu_d2_genie, sprint_mu_d3_branching,
          sprint_mu_orc_legion, sprint_mu_elf_gauntlet, sprint_mu_hive_nellie,
          sprint_mu_lair_fedhas, sprint_mu_vaults_butterflies,
          sprint_mu_slime_circle, sprint_mu_shoals_kraken,
          sprint_mu_snake_twists, sprint_mu_blade_basic,
          sprint_mu_crypt_fortress, sprint_mu_tomb_spiral,
          sprint_mu_vestibule_basic, sprint_mu_gehenna_hellfire,
          sprint_mu_dis_giant, sprint_mu_tartarus_statrot,
          sprint_mu_cocytus_islands, sprint_mu_zot1]

Skill      XL: |  1 |
---------------+----+-----
Long Blades    | 4 |  4.6
Fighting       | |  2.3
Throwing       | |  2.3
Dodging        | |  4.5

Action                   || total
-------------------------++-------
Melee: Long sword        ||    17
       Punch             ||     1
Throw: Javelin           ||     1
 Stab: Sleeping          ||     1
Armor: Leather armour    ||     2
Dodge: Dodged            ||     7

Table legend: (Time is in decaauts)
 A = Elapsed time spent in this place.
 B = Non-inter-level travel time spent in this place.
 C = Inter-level travel time spent in this place.
 D = Time resting spent in this place.
 E = Time spent auto-exploring this place.
 F = Levels seen in this place.
 G = Mean time per level.
                   A        B        C        D        E       F      G
               +--------+--------+--------+--------+--------+-----+--------+
         Total |     88 |     88 |      0 |      0 |     51 |   1 |   88.0 |
       Dungeon |     88 |     88 |      0 |      0 |     51 |   1 |   88.0 |
               +--------+--------+--------+--------+--------+-----+--------+

Top non-repeatable levels by time:
       D: 88 daAuts
